 Dungeon Crawl Stone Soup version 0.31.0-11-ge490571c62 (webtiles) character file.

Game seed: 208476050125630836

879 monsoonserge the Cudgeller (level 8, -9/63 HPs)
             Began as a Gnoll Reaver on Feb 1, 2024.
             Was a Believer of the Shining One.
             Mangled by an ogre
             ... wielding a +0 giant spiked club
              (34 damage)
             ... on level 6 of the Dungeon.
             The game lasted 00:10:34 (4720 turns).

monsoonserge the Cudgeller (Gnoll Reaver)           Turns: 4720, Time: 00:10:35

Health: -9/63      AC:  7    Str: 11    XL:     8   Next: 4%
Magic:  14/16      EV: 12    Int: 14    God:    the Shining One [**....]
Gold:   218        SH:  7    Dex: 12    Spells: 17/18 levels left

rFire   . . .        a - +0 mace
rCold   . . .        (no shield)
rNeg    + . .        h - +0 ring mail
rPois   .            m - +0 helmet
rElec   .            (no cloak)
rCorr   .            l - +0 pair of gloves
SInv    .            (no boots)
Will    .....        (no amulet)
Stlth   +            (no ring)
HPRegen 0.30/turn    (no ring)
MPRegen 0.15/turn

%: no passive effects
@: divinely shielded, glowing
A: fangs 1, strong nose, distributed training
a: Renounce Religion, Divine Shield


You were on level 6 of the Dungeon.
You worshipped the Shining One.
The Shining One was pleased with you.
You visited 1 branch of the dungeon, and saw 6 of its levels.

You collected 218 gold pieces.

Inventory:

Hand Weapons
 a - a +0 mace (weapon)
 v - a +0 long sword
Missiles
 t - 18 poisoned darts (quivered)
 w - 3 boomerangs
 x - 5 javelins
Armour
 b - a +0 leather armour
 h - a +0 ring mail (worn)
 l - a +0 pair of gloves (worn)
 m - a +0 helmet (worn)
Wands
 o - a wand of polymorph (12)
 y - a wand of flame (9)
Scrolls
 c - 4 scrolls of identify {unknown}
 d - a scroll of fog {unknown}
 e - 2 scrolls of teleportation {unknown}
 g - 4 scrolls of fear {unknown}
 p - 2 scrolls of noise {unknown}
 q - a scroll of enchant armour {unknown}
 r - a scroll of brand weapon {unknown}
 s - a scroll of amnesia {unknown}
 A - a scroll of immolation {unknown}
Potions
 f - a potion of might
 i - 4 potions of curing
 j - 2 potions of brilliance {unknown}
 k - a potion of degeneration {unknown}
 n - a potion of berserk rage {unknown}
 u - a potion of heal wounds {unknown}
 z - a potion of enlightenment {unknown}


   Skills:
 + Level 5.5 Fighting
 + Level 3.0 Short Blades
 + Level 3.0 Long Blades
 + Level 3.0 Axes
 + Level 7.2 Maces & Flails
 + Level 3.0 Polearms
 + Level 3.0 Staves
 + Level 3.0 Ranged Weapons
 + Level 3.0 Throwing
 + Level 3.0 Armour
 + Level 5.5 Dodging
 + Level 3.0 Stealth
 + Level 3.0 Shields
 + Level 3.0 Unarmed Combat
 + Level 5.9 Spellcasting
 + Level 6.0 Conjurations
 + Level 2.4 Hexes
 + Level 2.4 Summonings
 + Level 2.4 Necromancy
 + Level 2.4 Translocations
 + Level 2.4 Fire Magic
 + Level 2.4 Ice Magic
 + Level 2.4 Air Magic
 + Level 2.4 Earth Magic
 + Level 2.4 Alchemy
 + Level 3.3 Invocations
 + Level 3.0 Evocations
 + Level 2.7 Shapeshifting


You had 17 spell levels left.
You knew the following spells:

 Your Spells              Type           Power      Damage    Failure   Level
a - Kiss of Death         Conj/Necr      64%        2d10      6%          1

Your spell library contained the following spells:

 Spells                   Type           Power      Damage    Failure   Level
 Momentum Strike          Conj/Tloc      32%        3d8       10%         2
 Hailstorm                Conj/Ice       16%        3d6       19%         3
 Summon Ice Beast         Ice/Summ       11%        N/A       36%         3
 Sculpt Simulacrum        Ice/Alch       5%         N/A       100%        6


Dungeon Overview and Level Annotations

Branches:
Dungeon (6/15)
 Temple: D:4-7

Altars:
Gozag
Hepliaklqana
Ru
Zin
The Shining One

Shops:
D:2 =   D:5 [


Innate Abilities, Weirdness & Mutations

You have very sharp teeth.
Your uncanny sense of smell can sniff out nearby items.
Your experience applies equally to all skills.


Message History

You hit the centaur but do no damage. The centaur completely misses you.
The centaur kicks you. A divine shield forms around you!
You block the centaur's attack. The centaur closely misses you.
The centaur barely misses you. The centaur closely misses you.
The ogre closely misses you.
Aiming: Polymorph
Press: ? - help, Shift-Dir - straight line, f - centaur
Aim: a centaur (haloed, will become a jelly, an acid dragon, or a boggart, chance to affect: 56%)
Okay, then.
Unknown command.
You hit the ogre.
The ogre is lightly wounded.
You block the centaur's attack. The centaur kicks you.
You sock the ogre!
The ogre is moderately wounded.
The centaur hits you. The centaur closely misses you.
The ogre hits you with a +0 giant spiked club!
You block the centaur's attack. The centaur barely misses you.
You sock the ogre!
The ogre is heavily wounded.
The centaur completely misses you.
The centaur kicks you but does no damage.
You block the ogre's attack.
You thump the ogre!
The ogre is severely wounded.
The centaur barely misses you.
The centaur kicks you but does no damage.
The centaur hits you but does no damage.
The centaur kicks you but does no damage.
You hit the ogre.
The ogre is severely wounded.
The centaur hits you but does no damage.
The centaur barely misses you. The ogre completely misses you.
You block the centaur's attack. The centaur closely misses you.
You hit the ogre.
The ogre is almost dead.
You block the centaur's attack. The centaur completely misses you.
The ogre hits you with a +0 giant spiked club!!
Ouch! That really hurt!
You die...

#######.#
#.....
#.......#
######
#.####### #.#
##.## ##...##
##<....##
##.......####
#....@.......
##...cO..>###
##.....#.#
##...##.#
##.## # #.#
#.# #.#


You could see an ogre and a centaur.

Vanquished Creatures
  Grinder (D:3)
  A water moccasin (D:5)
  4 scorpions
  A bombardier beetle (D:4)
  2 jellies (D:5)
  A hound (D:5)
  An iguana (D:4)
  3 sleepcaps
  2 adders
  4 ufetubi
  2 dart slugs
  3 ribbon worms (D:3)
  4 orcs
  3 endoplasms
  5 giant cockroaches
  4 goblins
  3 hobgoblins
  5 jackals
  A quokka (D:4)
  8 ball pythons
  6 bats
  4 frilled lizards
  7 kobolds
  2 rats (D:3)
77 creatures vanquished.

Notes
Turn   | Place    | Note
-------+----------+-------------------------------------------
     0 | D:1      | monsoonserge the Gnoll Reaver began the quest for the Orb.
     0 | D:1      | Reached XP level 1. HP: 20/20 MP: 6/6
   128 | D:1      | Reached XP level 2. HP: 26/26 MP: 7/7
   593 | D:2      | Found Zimyhoro's Jewellery Shoppe.
   636 | D:2      | Reached skill level 5 in Spellcasting
   636 | D:2      | Reached XP level 3. HP: 29/31 MP: 7/9
   811 | D:2      | Found a faded altar of an unknown god.
   819 | D:2      | Prayed at the altar of an unknown god.
   819 | D:2      | Became a worshipper of the Shining One
   819 | D:2      | Reached * piety under the Shining One
  1613 | D:3      | Reached skill level 1 in Invocations
  1788 | D:3      | Reached skill level 1 in Short Blades
  1788 | D:3      | Reached skill level 1 in Long Blades
  1788 | D:3      | Reached skill level 1 in Axes
  1788 | D:3      | Reached skill level 1 in Polearms
  1788 | D:3      | Reached skill level 1 in Staves
  1788 | D:3      | Reached skill level 1 in Ranged Weapons
  1788 | D:3      | Reached skill level 1 in Throwing
  1788 | D:3      | Reached skill level 1 in Armour
  1788 | D:3      | Reached skill level 1 in Stealth
  1788 | D:3      | Reached skill level 1 in Shields
  1788 | D:3      | Reached skill level 1 in Unarmed Combat
  1788 | D:3      | Reached skill level 1 in Evocations
  1938 | D:3      | Reached skill level 1 in Shapeshifting
  1938 | D:3      | Reached XP level 4. HP: 38/38 MP: 11/11
  2057 | D:3      | Noticed Grinder
  2064 | D:3      | Paralysed by Grinder for 5 turns
  2074 | D:3      | Killed Grinder
  2075 | D:3      | Reached skill level 5 in Fighting
  2075 | D:3      | Reached skill level 5 in Dodging
  2075 | D:3      | Reached skill level 1 in Hexes
  2075 | D:3      | Reached skill level 1 in Summonings
  2075 | D:3      | Reached skill level 1 in Necromancy
  2075 | D:3      | Reached skill level 1 in Translocations
  2075 | D:3      | Reached skill level 1 in Fire Magic
  2075 | D:3      | Reached skill level 1 in Ice Magic
  2075 | D:3      | Reached skill level 1 in Air Magic
  2075 | D:3      | Reached skill level 1 in Earth Magic
  2075 | D:3      | Reached skill level 1 in Alchemy
  2075 | D:3      | Reached XP level 5. HP: 16/44 MP: 10/12
  2075 | D:3      | Reached XP level 6. HP: 19/51 MP: 11/14
  2977 | D:4      | Reached skill level 7 in Maces & Flails
  2977 | D:4      | Reached XP level 7. HP: 53/56 MP: 15/15
  3305 | D:5      | Entered Level 5 of the Dungeon
  3336 | D:5      | Found a glowing silver altar of Zin.
  3585 | D:5      | Found an opulent altar of Gozag.
  3585 | D:5      | Found a hazy altar of Hepliaklqana.
  3590 | D:5      | Found a faded altar of an unknown god.
  3592 | D:5      | Found a sacrificial altar of Ru.
  3593 | D:5      | Found a faded altar of an unknown god.
  3652 | D:5      | Reached ** piety under the Shining One
  4012 | D:5      | Found Vingolon's Armour Boutique.
  4058 | D:5      | Reached XP level 8. HP: 43/63 MP: 16/16
  4720 | D:6      | Mangled by an ogre

Illustrated notes

Levels and vault maps discovered:
D:1:      dpeg_arrival_water_temple_mockup, layout_rooms,
          nicolae_concentric_dashed_squares_wild, minmay_tiny_reverse_x
D:2:      layout_basic, serial_shops, shop,
          shapermc_ecumenical_altar_totnotflames
D:3:      layout_loops_ring, kennysheep_cross_room, kennysheep_flooded_box,
          hangedman_decor_clover_reticule, uniq_grinder
D:4:      layout_gridville
D:5:      layout_basic, chequers_temple_overflow_minitemple,
          mainiacjoe_overflow_tiny_flanked, nicolae_take_the_stairs,
          minivault_23
D:6:      layout_loops_ring, grunt_dithmenos_shadows, uniq_edmund, uniq_jeremiah

Skill      XL: |  1  2  3  4  5  6  7 |
---------------+----------------------+-----
Spellcasting   | 5 |  5.9
Invocations    | 1 2 3 |  3.3
Short Blades   | 1 2 3 |  3.0
Long Blades    | 1 2 3 |  3.0
Axes           | 1 2 3 |  3.0
Polearms       | 1 2 3 |  3.0
Staves         | 1 2 3 |  3.0
Ranged Weapons | 1 2 3 |  3.0
Throwing       | 1 2 3 |  3.0
Armour         | 1 2 3 |  3.0
Stealth        | 1 2 3 |  3.0
Shields        | 1 2 3 |  3.0
Unarmed Combat | 1 2 3 |  3.0
Evocations     | 1 2 3 |  3.0
Shapeshifting  | 1 2 |  2.7
Fighting       | 5 |  5.5
Dodging        | 5 |  5.5
Hexes          | 1 2 |  2.4
Summonings     | 1 2 |  2.4
Necromancy     | 1 2 |  2.4
Translocations | 1 2 |  2.4
Fire Magic     | 1 2 |  2.4
Ice Magic      | 1 2 |  2.4
Air Magic      | 1 2 |  2.4
Earth Magic    | 1 2 |  2.4
Alchemy        | 1 2 |  2.4
Maces & Flails | 7 |  7.2
Conjurations   | 6 |  6.0

Action                     |  1- 3 |  4- 6 |  7- 9 || total
---------------------------+-------+-------+-------++-------
  Melee: Mace              |   142 |    77 |   113 ||   332
         Bite              |    15 |    12 |    14 ||    41
         Punch             |     2 |     1 |     3 ||     6
  Throw: Boomerang         |       |       |     6 ||     6
         Dart              |       |       |     4 ||     4
 Invoke: Divine Shield     |       |     1 |     1 ||     2
    Use: Potion            |       |     2 |       ||     2
 Armour: Leather armour    |    29 |       |       ||    29
         Ring mail         |    45 |    48 |   126 ||   219
  Dodge: Dodged            |   102 |    31 |    96 ||   229
  Block: Other             |       |     3 |     6 ||     9
